 Dungeon Crawl Stone Soup version 0.29.1-12-g30fa7ad0bf (webtiles) character file.

Game seed: 7552548359947815306

1612 ThatPearl the Grave Robber (level 8, 0/68 HPs)
             Began as a Demigod Necromancer on Jan 11, 2023.
             Slain by a black bear (8 damage)
             ... on level 7 of the Dungeon.
             The game lasted 00:19:57 (7656 turns).

ThatPearl the Grave Robber (Demigod Necromancer)    Turns: 7656, Time: 00:19:58

Health: 0/68       AC:  3    Str:  9    XL:     8   Next: 37%
Magic:  1/19       EV: 11    Int: 31    God:
Gold:   152        SH:  0    Dex: 14    Spells: 6/17 levels left

rFire   . . .      SeeInvis .   e - +2 sling (freeze)
rCold   . . .      Faith    .   (no shield)
rNeg    . . .      Spirit   .   g - +0 leather armour
rPois   .          Reflect  .   (no helmet)
rElec   .          Harm     .   (no cloak)
rCorr   .          Rampage  .   (no gloves)
Will    .....                   (no boots)
Stlth   ++........              (no amulet)
HPRegen 0.21/turn               n - +6 ring of intelligence
MPRegen 0.16/turn               (no ring)

@: animating dead
A: high MP 1, forlorn, divine attributes
a: no special abilities


You were on level 7 of the Dungeon.
You visited 1 branch of the dungeon, and saw 7 of its levels.

You collected 343 gold pieces.
You spent 191 gold pieces at shops.

Inventory:

Hand Weapons
 d - a +0 dagger
 e - a +2 sling of freezing (weapon)
 l - a +1 spear of pain
 q - a +1 halberd of flaming
 t - a +4 short sword
 x - a +2 dagger of freezing
 y - a +1 dagger of draining
Missiles
 f - 62 stones
 s - 2 throwing nets
 D - 7 boomerangs
 F - 4 poisoned darts
Armour
 a - a +0 robe
 g - a +0 leather armour (worn)
 i - a +2 pair of boots
 E - the +18 Lear's hauberk
   (You found it on level 5 of the Dungeon)
Jewellery
 n - a +6 ring of intelligence (left hand)
Scrolls
 o - a scroll of vulnerability
 p - a scroll of poison {unknown}
 r - a scroll of fear {unknown}
 u - 3 scrolls of enchant armour {unknown}
 w - 7 scrolls of teleportation {unknown}
 B - a scroll of fog {unknown}
 C - 2 scrolls of enchant weapon {unknown}
 H - a scroll of noise {unknown}
 I - a scroll of magic mapping {unknown}
Potions
 b - a potion of magic
 c - 2 potions of curing
 h - a potion of berserk rage
 j - a potion of might
 k - 2 potions of lignification
 m - a potion of invisibility
 v - a potion of brilliance
 z - 2 potions of degeneration {unknown}
 A - a potion of heal wounds {unknown}
 G - a potion of attraction


   Skills:
 + Level 5.2 Fighting
 + Level 3.2 Armour
 - Level 1.7 Dodging
 - Level 1.7 Stealth
 + Level 5.1 Spellcasting
 + Level 6.5 Necromancy


You had 6 spell levels left.
You knew the following spells:

 Your Spells              Type           Power      Damage    Failure   Level
a - Animate Dead          Necr           48%        N/A       4%          4
d - Vampiric Draining     Necr           48%        2d9       1%          3
n - Necrotise             Necr           100%       1d9       1%          1
t - Teleport Other        Tloc           8%         N/A       22%         3

Your spell library contained the following spells:

 Spells                   Type           Power      Damage    Failure   Level
 Apportation              Tloc           16%        N/A       8%          1
 Summon Small Mammal      Summ           32%        N/A       8%          1
 Poisonous Vapours        Pois/Air       16%        N/A       11%         2
 Agony                    Necr           48%        N/A       14%         5
 Gell's Gravitas          Tloc           8%         N/A       22%         3
 Lesser Beckoning         Tloc           8%         N/A       22%         3
 Corpse Rot               Necr/Pois/Air  21%        N/A       30%         4
 Fireball                 Conj/Fire      4%         3d4       90%         5
 Starburst                Conj/Fire      4%         6d3       100%        6
 Ignition                 Fire           4%         3d4       100%        8


Dungeon Overview and Level Annotations

Branches:
Dungeon (7/15)
 Temple: D:4-7

Shops:
D:6 (

Annotations:
D:5 2 runed translucent doors, BallerZ's ghost, amateur KoCj
D:6 1 runed translucent door, Crazy Yiuf


Innate Abilities, Weirdness & Mutations

You have an increased reservoir of magic. (+10% MP)
You shall have no god before yourself.
Your divine heritage dramatically boosts your attributes as you level up.


Message History

Aim: a centaur (severely wounded)
You draw life force from the centaur!
You kill the centaur!
You feel life coursing into your body.
The dead are walking!
The black bear bites you.
* * * LOW HITPOINT WARNING * * *
The black bear closely misses you.
The black bear claws you but does no damage.
The necrophage hits you.
* * * LOW HITPOINT WARNING * * *
You feel drained.
Your life force feels restored.
Casting: Vampiric Draining (safe; 1% risk of failure)
Confirm with . or Enter, or press ? or * to list all spells.
Aiming: Vampiric Draining (safe; 1% risk of failure)
Press: ? - help, Shift-Dir - straight line, f - black bear
Aim: a black bear You draw life force from the black bear!
You feel life coursing into your body! The black bear closely misses you.
The black bear claws you.
* * * LOW HITPOINT WARNING * * *
The black bear claws you but does no damage.
The necrophage closely misses you.
Aiming: Necrotise (safe; 1% risk of failure)
Press: ? - help, Q - select action, (/) - cycle Shift-Dir - straight line, f/p - black bear
Aim: a black bear (heavily wounded, chance to affect: 83%)
The black bear writhes in agony.
The black bear bites you.
* * * LOW HITPOINT WARNING * * *
The black bear claws you.
* * * LOW HITPOINT WARNING * * *
The black bear misses you. The necrophage barely misses you.
Aiming: Necrotise (safe; 1% risk of failure)
Press: ? - help, Q - select action, (/) - cycle Shift-Dir - straight line, f/p - black bear
Aim: a black bear (severely wounded, chance to affect: 83%)
The black bear barely resists.
Your centaur zombie hits the necrophage.
Your centaur zombie barely misses the necrophage.
The black bear bites you!
You die...

.. ..##.. ##
...... ##.#
##.....
#...####......
#..........## .
#..........#..#
##....@........#
#....nZh<......#
#.##........##..
#....###.......
#..... ..#.#.#
....... .## ..#
....... .# ..
.#..... .. .
#... ..


You could see a black bear, a necrophage (ally target) and a friendly centaur
zombie.

Vanquished Creatures
  2 water moccasins
  3 orc warriors (D:6)
  An ice beast (D:5)
  3 centaurs
  2 phantoms
  A bullfrog (D:6)
  2 scorpions
  A howler monkey (D:6)
  2 hounds
  A gnoll bouda (D:6)
  3 iguanas
  2 orc wizards
  4 adders
  6 gnolls
  2 dart slugs
  16 orcs
  7 ball pythons
  2 bats
  3 endoplasms
  4 giant cockroaches
  8 goblins
  9 hobgoblins
  8 kobolds
  3 quokkas
  2 frilled lizards (D:1)
  5 rats
102 creatures vanquished.

Vanquished Creatures (collateral kills)
  A gnoll (D:2)
  A dart slug (D:3)
  A hobgoblin (D:2)
  A quokka (D:2)
4 creatures vanquished.

Grand Total: 106 creatures vanquished

Notes
Turn   | Place    | Note
-------+----------+-------------------------------------------
     0 | D:1      | ThatPearl the Demigod Necromancer began the quest for the
                  | Orb.
     0 | D:1      | Reached XP level 1. HP: 14/14 MP: 5/5
   286 | D:1      | Reached XP level 2. HP: 15/22 MP: 0/7
   432 | D:1      | Reached skill level 1 in Fighting
  1352 | D:2      | Reached skill level 4 in Necromancy
  1352 | D:2      | Reached XP level 3. HP: 26/28 MP: 2/9
  1369 | D:2      | HP: 1/29 [quokka (1)]
  1691 | D:2      | You fall into a shaft and drop 1 floor!
  1849 | D:2      | Learned a level 3 spell: Vampiric Draining
  2105 | D:2      | Reached XP level 4. HP: 30/36 MP: 5/10
  2876 | D:3      | Learned a level 3 spell: Teleport Other
  3479 | D:4      | Reached XP level 5. HP: 42/42 MP: 10/12
  4240 | D:5      | Entered Level 5 of the Dungeon
  4246 | D:5      | Found a runed translucent door.
  4249 | D:5      | Noticed an ice beast
  4258 | D:5      | Killed an ice beast
  4259 | D:5      | Reached XP level 6. HP: 36/51 MP: 1/14
  4358 | D:5      | Found the +18 Lear's hauberk
  4376 | D:5      | Reached skill level 5 in Necromancy
  4890 | D:5      | Found a runed translucent door.
  4892 | D:5      | Noticed BallerZ's ghost (amateur KoCj)
  5302 | D:6      | HP: 2/51 [orc warrior/+0 battleaxe (11)]
  5609 | D:6      | Reached XP level 7. HP: 58/58 MP: 16/16
  5953 | D:6      | Reached skill level 1 in Armour
  6162 | D:6      | Found Feazowk's Weapon Shoppe.
  6336 | D:6      | Bought a +2 sling of freezing for 191 gold pieces
  6444 | D:6      | Reached skill level 6 in Necromancy
  6558 | D:6      | Found a runed translucent door.
  6559 | D:6      | Noticed Crazy Yiuf
  6864 | D:6      | Reached XP level 8. HP: 66/67 MP: 18/18
  7091 | D:6      | Reached skill level 5 in Fighting
  7091 | D:6      | Reached skill level 5 in Spellcasting
  7644 | D:6      | Learned a level 4 spell: Animate Dead
  7656 | D:7      | Slain by a black bear

Illustrated notes

Levels and vault maps discovered:
D:1:      scummos_arrival_simple_crosswalls, layout_loops_ring,
          ebering_ecumenical_altar_sacrificial
D:2:      layout_rooms
D:3:      layout_loops_cross, evilmike_ruin_ashenzari,
          nicolae_overflow_crystal_walls, fedhas_altar_3
D:4:      layout_basic
D:5:      layout_rooms, ebering_ghost_sewer_f
D:6:      layout_loops_cross, serial_shops, shop, minmay_splitting_lines,
          uniq_crazy_yiuf_cottage
D:7:      layout_cave_pools, minmay_temple_entry_statues

Skill      XL: |  1  2  3  4  5  6  7  8 |
---------------+-------------------------+-----
Spellcasting   | 2 3 4 5 |  5.1
Fighting       | 1 2 3 4 5 |  5.2
Necromancy     | 4 5 6 |  6.5
Armour         | 2 3 |  3.2
Dodging        | |  1.7
Stealth        | |  1.7

Action                   |  1- 3 |  4- 6 |  7- 9 || total
-------------------------+-------+-------+-------++-------
Melee: Short sword       |    60 |   134 |    84 ||   278
       Punch             |       |     2 |       ||     2
 Fire: Sling             |       |       |    65 ||    65
 Cast: Necrotise         |    47 |    49 |    25 ||   121
       Vampiric Draining |     1 |     1 |     4 ||     6
       Animate Dead      |       |       |     1 ||     1
  Use: Potion            |       |     3 |       ||     3
       Scroll            |       |       |     7 ||     7
 Stab: Sleeping          |     5 |       |       ||     5
Armor: Robe              |    22 |    19 |       ||    41
       Chain mail        |       |    61 |   247 ||   308
       Leather armour    |       |       |     6 ||     6
Dodge: Dodged            |    54 |    66 |    82 ||   202
